 Dungeon Crawl Stone Soup version 0.16.1-11-g651b585 (webtiles) character file.

88 Radiman the Digger (level 4, 0/24 HPs)
             Began as a Gargoyle Earth Elementalist on Apr 3, 2015.
             Slain by an adder skeleton (3 damage)
             ... on level 3 of the Dungeon.
             The game lasted 00:15:27 (2739 turns).

Radiman the Digger (Gargoyle Earth Elementalist)    Turns: 2739, Time: 00:15:27

Health: 0/24       AC:  5    Str: 12    XL:     4   Next: 53%
Magic:  0/10       EV: 12    Int: 20    God:
Gold:   60         SH:  0    Dex: 10    Spells: 3 memorised, 4 levels left

rFire  . . .     SeeInvis .     (no weapon)
rCold  . . .     Clarity  .     c - +0 robe
rNeg   + . .     SustAb   .     (no shield)
rPois  ∞         Gourm    .     (no helmet)
rElec  +         Spirit   .     (no cloak)
rCorr  .         Warding  .     (no gloves)
rMut   .         Stasis   .     (no boots)
MR     .....                    (no amulet)
Stlth  +.........               p - ring of loudness (curse)
                                g - +4 ring of intelligence

@: not resistant to hostile enchantments, very unstealthy
A: negative energy resistance 1, electricity resistance, unbreathing,
petrification resistance, rot immunity, AC +3
a: no special abilities


You were on level 3 of the Dungeon.
You were not hungry.

You visited 1 branch of the dungeon, and saw 3 of its levels.

You collected 60 gold pieces.

Inventory:

Missiles
 b - 174 stones (quivered)
Armour
 c - a +0 robe (worn)
Jewellery
 g - a +4 ring of intelligence (left hand)
 p - a cursed ring of loudness (right hand)
Magical devices
 j - a wand of fireball (5)
Scrolls
 n - 2 scrolls of identify
Potions
 e - a potion of brilliance
 h - a potion of lignification {unknown}
 i - a potion of agility {unknown}
 k - a potion of poison {unknown}
 m - 2 potions of curing {unknown}
Books
 d - a book of Geomancy

   Spells                             Type                      Level
   a - Sandblast                      Earth                        1
   b - Stoneskin                      Transmutation/Earth          2
   c - Passwall                       Transmutation/Earth          3
   d - Stone Arrow                    Conjuration/Earth            3
   e - Petrify                        Transmutation/Earth          4
   f - Lee's Rapid Deconstruction     Earth                        5
Comestibles
 a - 2 bread rations
 f - a beef jerky
 l - 2 fruits
 o - a royal jelly


   Skills:
 - Level 1.5 Dodging
 - Level 2.1 Stealth
 * Level 3.7 Spellcasting
 + Level 1.2 Conjurations
 - Level 0.7 Transmutations
 + Level 4.2 Earth Magic


You had 4 spell levels left.
You knew the following spells:

 Your Spells              Type           Power        Failure   Level  Hunger
a - Sandblast             Erth           ###...       2%          1    None
b - Stoneskin             Trmt/Erth      ##......     10%         2    ##.....
c - Stone Arrow           Conj/Erth      ##....       14%         3    ###....


Dungeon Overview and Level Annotations

Branches:
Dungeon (3/15)

Altars:


Innate Abilities, Weirdness & Mutations

You are resistant to torment.
You are immune to poison.
Your stone body is very resilient (AC +3).
You resist negative energy.
You are resistant to electric shocks.
You can survive without breathing.
You are immune to petrification.
You are immune to rotting.


Message History

Press: ? - help, Shift-Dir - straight line, f/p - kobold
Aim: a kobold The blast of sand hits the kobold.
You kill the kobold!
The quokka closely misses you. The adder skeleton closely misses you.
You miss the quokka. The quokka barely misses you.
The adder skeleton bites you.
* * * LOW HITPOINT WARNING * * *
The quokka closely misses you.
Casting: Sandblast
Confirm with . or Enter, or press ? or * to list all spells.
Aiming: Sandblast
Press: ? - help, Shift-Dir - straight line, f - quokka
Aim: a quokka The blast of sand hits the quokka.
You kill the quokka!
The adder skeleton bites you.
* * * LOW HITPOINT WARNING * * *
The adder skeleton bites you.
You die...

#...# #..............
###########...# #..............
.........##...# #..............
.........##...# #............).
.........##...# #..............
.........##...# #..............
..<......##...# #..............
.........##...#####..............
..#..##>........@.#..............
#.#.....###...#..Z...............
....##.............†............†
#####.....#...#..................
....#...#.#####..................
#.#.#...#.### #..................
........#...# #..................
.<#.#..####.###..................
..#.......#.#....................


You could see an adder skeleton.

Vanquished Creatures
  A giant mite (D:2)
  3 adders
  A worm (D:2)
  2 orcs (D:3)
  A giant cockroach (D:1)
  5 hobgoblins
  4 jackals (D:2)
  11 kobolds
  A quokka (D:3)
  6 bats
  A giant newt (D:1)
  8 goblins
  9 rats
53 creatures vanquished.

Notes
Turn   | Place    | Note
--------------------------------------------------------------
     0 | D:1      | Radiman, the Gargoyle Earth Elementalist, began the quest for the Orb.
     0 | D:1      | Reached XP level 1. HP: 10/10 MP: 3/3
   373 | D:1      | Reached XP level 2. HP: 15/15 MP: 0/5
   383 | D:1      | Learned a level 2 spell: Stoneskin
  1269 | D:2      | Reached XP level 3. HP: 19/19 MP: 2/7
  1447 | D:2      | Learned a level 3 spell: Stone Arrow
  1531 | D:2      | Reached skill level 4 in Earth Magic
  2306 | D:3      | Reached XP level 4. HP: 24/24 MP: 7/9
  2426 | D:3      | Reached skill level 1 in Conjurations
  2739 | D:3      | Slain by an adder skeleton

Action                   |  1- 3 |  4- 6 || total
-------------------------+-------+-------++-------
Melee: Unarmed           |    77 |     6 ||    83
 Cast: Sandblast         |    78 |    42 ||   120
  Use: Scroll            |     4 |       ||     4
  Eat: Chunk             |     4 |     2 ||     6
